[Event "*** Titled Tuesday Blitz"]
[Site "Chess.com"]
[Date "2020.10.27"]
[Round "5"]
[White "natelleka"]
[Black "m_ezat"]
[Result "0-1"]
[WhiteElo "2200"]
[BlackElo "2506"]
[TimeControl "180+1"]
[EndTime "10:57:26 PDT"]
[Termination "m_ezat won on time"]

1. e4 e5 2. Nf3 Nc6 3. Bb5 a6 4. Ba4 Nf6 5. O-O Be7 6. Re1 b5 7. Bb3 d6 8. c3 Bb7 9. d4 O-O 10.
Nbd2 Re8 11. Nf1 Bf8 12. Ng3 g6 13. a4 Bg7 14. h3 Qd7 15. axb5 axb5 16. Rxa8 Bxa8 17.
Qd3 b4 18. Ba4 Rb8 19. d5 bxc3 20. bxc3 Nb4 21. Qd1 Qc8 22. cxb4 Rxb4 23. Bd2 Rb2 24. Qc1 Ra2 25. Bc6 h5 26. Bxa8 Qxa8 27. Qxc7 h4 28.
Nf1 Bf8 29. Bg5 Nh5 30. Bxh4 Nf4 31. Ng5 Ra7 32. Qc6 Qb8 33. Ne3 Rc7 34. Qa4 Nd3 35. Rf1 Nc5 36. Qd1 Qb4 37. Ng4 Bg7 38. Qf3 Ra7 39.
Nf6+ Kf8 40. Ngh7+ Ke7 41. Ng4+ Ke8 42. Nhf6+ Kf8 43.
Nh7+ Ke8 44. Ng5 Kf8 45. Kh2 Kg8 46. Nf6+ Kf8 47. Nfh7+ Kg8 48. Nf6+ Kh8 49. Ng4 Kg8 50. g3 Qc4 51. Kg2 Rb7 52. Nf6+ Kh8 53. Ne8 Bh6 54.
Nxf7+ Kh7 55. Nfxd6 Qd3 56. Qf7+ Rxf7 57. Nxf7 Qxe4+ 58.
f3 Qd3 59. Rf2 e4 60. Nf6+ Kg7 61. Nxh6 Kxh6 62. Ng4+ Kg7 0-1

[Event "*** Titled Tuesday Blitz"]
[Site "Chess.com"]
[Date "2020.10.27"]
[Round "5"]
[White "PavelShkapenko"]
[Black "Gordima"]
[Result "1/2-1/2"]
[WhiteElo "2638"]
[BlackElo "2807"]
[TimeControl "180+1"]
[EndTime "10:57:29 PDT"]
[Termination "Game drawn - insufficient material"]

1. e4 e5 2. Nf3 Nf6 3. Nxe5 d6 4. Nf3 Nxe4 5. d3 Nf6 6. d4 d5 7. Bd3 Bd6 8. Qe2+ Be6 9. O-O O-O 10. Bg5 Nbd7 11.
c3 c6 12. Qc2 Qc7 13. Nbd2 Bg4 14. Rae1 Rae8 15. h3 Bh5 16. Nh4 Bh2+ 17. Kh1 Bf4 18.
Bxf4 Qxf4 19. g3 Qc7 20. f4 Bg6 21. Nxg6 hxg6 22. Nf3 c5 23. dxc5 Nxc5 24. Rxe8 Rxe8 25. Re1 Rxe1+ 26. Nxe1 Qc6 27. Kh2 Nxd3 28. Qxd3 Qb6 29. Qe2 d4 30. cxd4 Qxd4 31. Nf3 Qd5 32. a3 Ne4 33. h4 f6 34. Qe3 a6 35. Qd4 Qc6 36. Qd3 Nf2 37. Qe2 Ne4 38. Qd3 Kh7 39. Nd2 Nf2 40. Qf3 Qxf3 41. Nxf3 Nd3 42. b4 Kg8 43.
Nd4 Kf7 44. Kg2 Ke7 45. Kf3 Kd6 46. f5 Kd5 47. Ne6 Ne5+ 48. Kg2 gxf5 49. Nxg7 Ke4 50. h5 Ng4 51. Kh3 Nh6 52. Kg2 f4 53. gxf4 Kxf4 54.
Ne8 Kg5 55. Nd6 b5 56. Ne4+ Kxh5 57. Nxf6+ Kg6 58. Ne4 Kf5 59. Nc5 Ke5 60. Nxa6 Kd5 61. Kf3 Kc4 62. Ke4 Ng4 63. Nc7 Nf2+ 64. Ke5 Nd3+ 65.
Kd6 Nxb4 66. axb4 Kxb4 67. Nxb5 1/2-1/2

[Event "*** Titled Tuesday Blitz"]
[Site "Chess.com"]
[Date "2020.10.27"]
[Round "5"]
[White "MFBerna"]
[Black "beto-betun"]
[Result "1-0"]
[WhiteElo "2369"]
[BlackElo "2199"]
[TimeControl "180+1"]
[EndTime "10:57:29 PDT"]
[Termination "MFBerna won by resignation"]

1. b3 c5 2. Bb2 Nc6 3. Nf3 d5 4. e3 Nf6 5. Bb5 e6 6. d4 Bd7 7. O-O a6 8. Be2 Be7 9. Nbd2 O-O 10. c4 cxd4 11. Nxd4 Nxd4 12. Bxd4 Bc6 13. Nf3 Ne4 14. Ne5 Bf6 15. Rc1 Bxe5 16. Bxe5 Qg5 17.
Bf4 Qf6 18. Bf3 Rfd8 19. Qc2 Rd7 20. cxd5 exd5 21. Rfd1 Rad8 22. Bg4 Re7 23. Bf3 Red7 24. h3 h6 25. Qd3 g5 26. Bh2 Qg6 27. Qd4 h5 28.
Be2 g4 29. hxg4 hxg4 30. Bf4 f5 31. Bd3 Rh7 32. Kf1 g3 33. Bxe4 fxe4 34. Bxg3 Rf8 35. Ke2 Qg4+ 36. Kd2 Qf5 37. Kc3 Rff7 38. Kb2 Rd7 39.
Rh1 Rxh1 40. Rxh1 Rh7 41. Rxh7 Kxh7 42. Bf4 Kg6 43. Qh8 Qf6+ 44. Qxf6+ Kxf6 45. Kc3 Kf5 46.
Kd4 Ke6 47. g4 Kf6 48. Kc5 Ke6 49. a4 Kf6 50. Kb6 Ke6 51. g5 Kf5 52. b4 Bxa4 53.
Kxb7 Bb5 54. Kb6 d4 55. exd4 Kxf4 56. g6 Bc4 57. g7 Kf3 58. Kc5 Kxf2 59. Kxc4 e3 60.
g8=Q e2 61. Qe6 Ke1 62. d5 a5 63. Qxe2+ Kxe2 64. bxa5 Kd1 65. a6 Kc2 66. a7 Kb1 67. a8=Q Kc1 68. Qc6 Kd1 69. d6 1-0

[Event "*** Titled Tuesday Blitz"]
[Site "Chess.com"]
[Date "2020.10.27"]
[Round "5"]
[White "ASVZ"]
[Black "Fy_Rakotomaharo"]
[Result "1-0"]
[WhiteElo "2456"]
[BlackElo "2621"]
[TimeControl "180+1"]
[EndTime "10:57:33 PDT"]
[Termination "ASVZ won by resignation"]

1. e4 c5 2. c3 d6 3. d4 Nf6 4. dxc5 Nc6 5. Nf3 Nxe4 6. cxd6 Nxd6 7. Bf4 f6 8. Bxd6 Qxd6 9. Qxd6 exd6 10. Na3 Bg4 11.
Nb5 O-O-O 12. Nfd4 Nxd4 13. Nxd4 d5 14. f3 Bd7 15.
O-O-O Bc5 16. Bb5 Bxb5 17. Nxb5 Rhe8 18. Rhe1 a6 19. Nd4 Kd7 20. Nf5 Rxe1 21. Rxe1 g6 22. Nd4 Bd6 23. g3 h5 24. Kc2 h4 25. Re6 Rf8 26.
f4 hxg3 27. hxg3 Bc5 28. Re2 Rh8 29. Kd3 Rh3 30. Re3 Rh2 31. Re2 Rh3 32. Re3 Bd6 33. a4 g5 34. fxg5 fxg5 35. Nf5 Rh2 36. Nxd6 Kxd6 37.
Re2 Rh3 38. Re3 Kc5 39. b4+ Kd6 40. Kd4 Rh1 41. a5 Rd1+ 42. Rd3 Re1 43. Rf3 Re4+ 44. Kd3 Ke5 45. Rf8 Rg4 46. Re8+ Kd6 47. Re3 Rc4 48. Rf3 Ke5 49. Rf7 Rg4 50. Rxb7 Rxg3+ 51. Kc2 g4 52. Rb6 Rg2+ 53. Kb3 g3 54. Rxa6 Kf5 55. Ra8 Rg1 56. Rg8 g2 57. Kb2 Ke4 58. a6 d4 59. cxd4 Rh1 60. Rxg2 Rh7 61. b5 Kd5 62.
Rc2 Kxd4 63. Kb3 Rh6 64. Ka4 Kd3 65. Rc6 Rh4+ 66. Ka5 Rh1 67. a7 Ra1+ 68. Kb6 Kd4 69. Kb7 Kd5 70. a8=Q Rh1 71. Qd8+ Ke5 72. Qc7+ Kd5 73.
Rd6+ Ke5 74. Qe7+ Kf5 75. Rf6+ 1-0

[Event "*** Titled Tuesday Blitz"]
[Site "Chess.com"]
[Date "2020.10.27"]
[Round "5"]
[White "BJthechessgod"]
[Black "juancruzarias"]
[Result "1/2-1/2"]
[WhiteElo "2304"]
[BlackElo "2524"]
[TimeControl "180+1"]
[EndTime "10:57:36 PDT"]
[Termination "Game drawn - insufficient material"]

1. e4 e6 2. d4 d5 3. Nc3 Nf6 4. e5 Nfd7 5. f4 c5 6. Nf3 Nc6 7. Be3 Be7 8. Qd2 O-O 9. Be2 Rb8 10. Nd1 b6 11. O-O f5 12. c3 b5 13. dxc5 Nxc5 14.
Nd4 Nxd4 15. Bxd4 Ne4 16. Qe3 a5 17. Nf2 Qc7 18. Nxe4 dxe4 19. Rad1 b4 20. c4 Bb7 21.
b3 Bc6 22. Bc5 Rfd8 23. Rxd8+ Qxd8 24. Rd1 Qc7 25. Bd6 Bxd6 26. exd6 Qd7 27. Qc5 a4 28. Qe5 axb3 29. axb3 Kf7 30. c5 Bd5 31. Rxd5 exd5 32. Qxd5+ Qe6 33. Qd4 Qf6 34. Bc4+ Ke8 35. Qd5 Rd8 36.
h3 e3 37. Qg8+ Kd7 38. Bb5+ Kc8 39. Qd5 Qa1+ 40. Kh2 Qa5 41. Qc6+ Kb8 42. Ba6 Rd7 43. Qc8+ Ka7 44. Qxd7+ Kxa6 45. c6 Qc5 46. Qb7+ Ka5 47. c7 Qxd6 48. Qa7+ Kb5 49. Qb7+ Ka5 50. Qa7+ Kb5 51.
Qxe3 Qxc7 52. Qe5+ Qc5 53. Kg3 g6 54. Kh4 Kc6 55. Kg5 Qxe5 56. fxe5 Kd7 57. Kf6 Ke8 58. e6 f4 59. h4 Kf8 60. Ke5 Ke7 61. Kxf4 Kxe6 62.
Kg5 Kd5 63. Kh6 Kd4 64. Kxh7 Kc3 65. Kxg6 Kxb3 66. h5 Ka2 67. h6 b3 68. h7 b2 69.
h8=Q b1=Q+ 70. Kf7 Qb7+ 71. Kg8 Qxg2+ 72. Kh7 Qh3+ 73. Kg8 Qe6+ 74. Kg7 Qe5+ 75. Kg8 Qxh8+ 76. Kxh8 1/2-1/2

[Event "*** Titled Tuesday Blitz"]
[Site "Chess.com"]
[Date "2020.10.27"]
[Round "5"]
[White "chenxiaoyuer"]
[Black "MVM2008"]
[Result "1-0"]
[WhiteElo "2514"]
[BlackElo "2237"]
[TimeControl "180+1"]
[EndTime "10:57:36 PDT"]
[Termination "chenxiaoyuer won by resignation"]

1. e4 d6 2. d4 Bd7 3. Nf3 g6 4. Nc3 Bg7 5. Be3 a6 6. a4 Nf6 7. h3 e5 8. dxe5 dxe5 9. Bc4 O-O 10. O-O Bc6 11. Qxd8 Rxd8 12. Nxe5 Rf8 13. f3 Nh5 14. Nxc6 Nxc6 15. Nd5 Ng3 16. Rfd1 Ne5 17. Bf1 Nxf1 18. Kxf1 c6 19. Nb6 Rad8 20. Ke2 f5 21. exf5 gxf5 22. Bg5 Rde8 23. Kf1 Ng6 24. Rd7 f4 25. Rad1 h6 26.
R1d6 Ne5 27. Rxg7+ Kxg7 28. Bxh6+ Kh7 29. Bxf8 Rxf8 30.
Re6 Ng6 31. c3 Rd8 32. Ke2 Nh4 33. Re7+ Kg6 34. Rxb7 Nxg2 35. Rc7 Re8+ 36. Kf2 Nh4 37. Rxc6+ Kg5 38. Nd5 Rd8 39. c4 Nf5 40. Re6 Rh8 41.
Re5 Rxh3 42. Ne7 Rh2+ 43. Kg1 Rxb2 44. Rxf5+ Kh4 45. Rxf4+ Kg3 46. Rg4+ Kxf3 47. Rg6 Rb1+ 48. Kh2 Rb2+ 49. Kh3 Rb1 50. Rf6+ Ke4 51. Rxa6 Kf3 52. Rf6+ Ke4 53. a5 Ra1 54. a6 Ke5 55. Rg6 Kf4 56.
Nc8 Ra3+ 57. Kg2 Ra2+ 58. Kf1 Kf3 59. Ke1 Ke3 60. Kd1 Kd3 61. Kc1 Kc3 62. Kb1 Rb2+ 63. Ka1 Rb4 64. a7 Ra4+ 65. Kb1 Rb4+ 66. Kc1 Ra4 67.
Rg3+ Kxc4 68. Rg4+ Kc3 69. Rxa4 1-0

[Event "*** Titled Tuesday Blitz"]
[Site "Chess.com"]
[Date "2020.10.27"]
[Round "5"]
[White "totoro9"]
[Black "chesstrainer2042"]
[Result "1/2-1/2"]
[WhiteElo "2275"]
[BlackElo "2414"]
[TimeControl "180+1"]
[EndTime "10:57:39 PDT"]
[Termination "Game drawn - insufficient material"]

1. e4 e5 2. Nf3 Nc6 3. Bc4 Bc5 4.
O-O Nf6 5. d3 d6 6. c3 O-O 7. h3 a5 8. Re1 h6 9. Nbd2 Be6 10. Bb5 Ba7 11. Nf1 Ne7 12. d4 Ng6 13. Ng3 c6 14. Ba4 Qc7 15. Bc2 Rad8 16. Be3 b5 17. a4 b4 18. Qe2 Rfe8 19. dxe5 dxe5 20.
Bxa7 Qxa7 21. Rad1 bxc3 22. bxc3 Qc5 23. Qe3 Qxe3 24.
fxe3 c5 25. Nf5 Rb8 26. Nd6 Red8 27. Nb5 Bc4 28. Rxd8+ Rxd8 29. Rd1 Rxd1+ 30. Bxd1 Nxe4 31. Bc2 f5 32. Bxe4 fxe4 33. Nd2 Bd3 34. Nd6 Bc2 35. N2xe4 Bxa4 36. Nxc5 Bc2 37. Nc4 a4 38. Na3 Bb3 39. Kf2 Kf7 40. Ke2 Ke7 41. Nxb3 axb3 42. Kd3 h5 43.
Kc4 b2 44. Kb4 e4 45. Kb3 Nh4 46. g4 Ng2 47. gxh5 Nxe3 48. Kxb2 Nd5 49. Kc2 Nf6 50.
Kd2 Nxh5 51. Ke3 Nf6 52. Nc4 Nd5+ 53. Kxe4 Nxc3+ 54. Kf5 Nd5 55. Kg6 Kf8 56. Ne5 Nf4+ 57. Kg5 Nxh3+ 58. Kg6 Nf4+ 59. Kg5 Ne6+ 60. Kg6 Nc5 61. Nf3 Nd7 62. Nh4 Kg8 63. Nf5 Nf8+ 64. Kg5 Ne6+ 65. Kg6 Nf4+ 66. Kg5 Ne6+ 67. Kg6 Kf8 68. Nxg7 1/2-1/2

[Event "*** Titled Tuesday Blitz"]
[Site "Chess.com"]
[Date "2020.10.27"]
[Round "5"]
[White "CM_rui"]
[Black "chesslh19"]
[Result "1/2-1/2"]
[WhiteElo "2367"]
[BlackElo "2216"]
[TimeControl "180+1"]
[EndTime "10:57:39 PDT"]
[Termination "Game drawn by repetition"]

1. e4 e5 2. Nc3 Nf6 3. f4 d5 4. fxe5 Nxe4 5. d3 Nxc3 6. bxc3 Nc6 7. Nf3 d4 8. cxd4 Nxd4 9. Be2 Bb4+ 10. Bd2 Bxd2+ 11.
Qxd2 O-O 12. c3 Nxf3+ 13. Bxf3 f6 14. exf6 Qxf6 15. O-O Qb6+ 16. Kh1 c6 17. Qg5 Be6 18. Rab1 Qd8 19. Qd2 Qd7 20. d4 b6 21. a4 Bd5 22.
Bxd5+ Qxd5 23. Qd3 g6 24. c4 Qd7 25. a5 bxa5 26.
Ra1 Rxf1+ 27. Rxf1 Rf8 28. Rxf8+ Kxf8 29. d5 cxd5 30. cxd5 Qd6 31. h3 a4 32. Qd4 a3 33.
Qh8+ Ke7 34. Qxh7+ Kf6 35. Qxa7 Ke5 36. Qa5 g5 37. g3 Kd4 38. Kh2 Ke5 39. h4 gxh4 40.
gxh4 Kd4+ 41. Kh3 Ke5 42. h5 Kf5 43. Kg2 Kg5 44. Kf3 Kxh5 45. Ke2 Kg5 46. Kd3 Kf6 47.
Kc4 Ke7 48. Qa7+ Qd7 49. Qxa3+ Qd6 50. Qe3+ Kd7 51. Qg5 Kc7 52. Qg7+ Qd7 53. Qf8 Qd6 54. Qf7+ Qd7 55. Qf4+ Qd6 56. Qd2 Qd7 57. Kd4 Qa4+ 58. Ke5 Qe8+ 59. Kd4 Qa4+ 60. Ke3 Qb3+ 61. Ke4 Qc4+ 62.
Ke5 Qc5 63. Qf4 Qd6+ 64. Kf5 Qxf4+ 65. Kxf4 Kd6 66. Ke4 Kd7 67. Ke5 Ke7 68. Ke4 Kd6 69.
Kd4 Kd7 70. Kc5 Kc7 71. d6+ Kd7 72. Kd5 Kd8 73. Kc5 Kd7 74. Kd5 Kd8 75. Kc4 Kd7 76. Kc5 Kd8 77. Kb6 Kd7 78. Kc5 Kd8 79. Kd5 Kd7 80. Ke5 Kd8 81. Ke6 Ke8 82. Kf6 Kd7 83. Ke5 Kd8 84. Kd5 Kd7 85. Kc5 1/2-1/2

[Event "*** Titled Tuesday Blitz"]
[Site "Chess.com"]
[Date "2020.10.27"]
[Round "5"]
[White "ExtremeLearner"]
[Black "Vandros57"]
[Result "0-1"]
[WhiteElo "2350"]
[BlackElo "2214"]
[TimeControl "180+1"]
[EndTime "10:57:39 PDT"]
[Termination "Vandros57 won by checkmate"]

1. d4 d5 2. Nf3 Nf6 3. g3 e6 4. Bg2 c5 5. O-O Nc6 6. c4 Be7 7.
cxd5 exd5 8. Nc3 Be6 9. Be3 c4 10. h3 O-O 11. a3 Na5 12. Nd2 Qb6 13. g4 h6 14. f3 Rfd8 15. Bf2 Qxb2 16. Na4 Qb5 17. Nc3 Qb6 18. Rb1 Qc7 19. e4 b6 20.
e5 Ne8 21. f4 Nb3 22. Nxb3 cxb3 23. Qxb3 Rac8 24. Rfc1 Qb7 25. Nd1 Rxc1 26. Rxc1 Rc8 27. Qb2 Rxc1 28. Qxc1 Qc7 29. Qxc7 Nxc7 30. f5 Bd7 31.
Nc3 Bc6 32. a4 a6 33. Bg3 Bd8 34. Kf2 Kf8 35. Na2 Bxa4 36. Nb4 Bb3 37. Nc6 Ke8 38.
Ke3 a5 39. Kd3 a4 40. Kc3 Nb5+ 41. Kb2 Bc4 42. Nxd8 a3+ 43. Ka1 Kxd8 44. Bf2 Nc3 45. Be1 Ne4 46. Bxe4 dxe4 47. Bd2 b5 48. h4 Kd7 49. g5 hxg5 50. hxg5 Kc6 51. Bb4 Kd5 52. f6 g6 53. Bc3 e3 54. Kb1 Ke4 55. Ka1 Kd3 56. Bb4 e2 57. d5 Bxd5 58. Be1 Kc2 59. Bg3 Kd1 60. Bf2 e1=Q 61. Bxe1 Kxe1 62. Kb1 b4 63. Kc2 b3+ 64. Kc3 b2 65. Kc2 Be4+ 66.
Kc3 b1=Q 67. Kd4 Qd3+ 68. Kc5 Qd5+ 69. Kb4 a2 70. Kc3 a1=Q+ 71. Kb4 Qaa5# 0-1

[Event "*** Titled Tuesday Blitz"]
[Site "Chess.com"]
[Date "2020.10.27"]
[Round "5"]
[White "bangchess21"]
[Black "Zhigalko_Sergei"]
[Result "0-1"]
[WhiteElo "2700"]
[BlackElo "2904"]
[TimeControl "180+1"]
[EndTime "10:57:41 PDT"]
[Termination "Zhigalko_Sergei won by checkmate"]

1. d4 Nf6 2. Bf4 e6 3. e3 d5 4.
Nd2 Bd6 5. Bg3 O-O 6. c3 b6 7. Ngf3 Bb7 8. Ne5 c5 9. Bd3 Nc6 10. f4 Ne7 11. Qb1 g6 12. Bh4 Nf5 13. Bxf5 exf5 14.
O-O Be7 15. Qd3 Re8 16. Rae1 a5 17. Bxf6 Bxf6 18. Rf2 Ba6 19. Qc2 Bg7 20. Qd1 Qd6 21. Nb3 a4 22. Nd2 f6 23. Nef3 Qc6 24. Nf1 Re7 25. Rd2 Bb7 26. h3 Rae8 27. Kh2 Bh6 28. g3 Qb5 29. g4 fxg4 30. hxg4 Bxf4+ 31. Kg2 Bh6 32. g5 fxg5 33. N1h2 Bg7 34. Ng4 Bc8 35.
Nge5 Bf5 36. Nxg5 Bxe5 37. dxe5 Rxe5 38. Rxd5 Bc2 39. Qd2 Qc6 40. e4 Bxe4+ 41. Nxe4 Rxe4 42. Rxe4 Rxe4 43. Rd8+ Re8+ 44. Kg1 Rxd8 45. Qxd8+ Kf7 46. Qh4 h5 47. Qf4+ Ke7 48. Qe5+ Kd7 49. Qg7+ Kc8 50. Kf2 Qd6 51. Ke3 Qe6+ 52. Kd3 Qd6+ 53. Kc4 Qc6 54. Qg8+ Kb7 55. Kd3 Qd7+ 56. Kc2 Qc6 57. Qf7+ Ka6 58. b3 axb3+ 59. axb3 b5 60. Kb2 Kb6 61. Qf8 Kb7 62. Qf7+ Ka6 63. Qf8 h4 64. Qh6 Qg2+ 65. Ka3 h3 66.
Qf8 b4+ 67. cxb4 cxb4+ 68. Kxb4 Qb7+ 69. Ka3 Qc6 70. Qb8 Qc5+ 71. Ka4 Qa5# 0-1

[Event "*** Titled Tuesday Blitz"]
[Site "Chess.com"]
[Date "2020.10.27"]
[Round "5"]
[White "Margarita2907"]
[Black "maxip32"]
[Result "1/2-1/2"]
[WhiteElo "2202"]
[BlackElo "2404"]
[TimeControl "180+1"]
[EndTime "10:57:47 PDT"]
[Termination "Game drawn by repetition"]

1. e4 c5 2. Nf3 d6 3. d4 cxd4 4. Nxd4 Nf6 5. Nc3 a6 6. Be2 e5 7. Nb3 Be7 8. O-O O-O 9. Be3 Be6 10. Qd3 Nbd7 11. Nd5 Bxd5 12. exd5 a5 13. a4 b6 14. Nd2 Ne8 15. f3 Bg5 16. c4 Bxe3+ 17. Qxe3 f5 18. Rab1 Qc7 19. Rfc1 Qc5 20. Qxc5 dxc5 21.
Nf1 Nd6 22. Ne3 h5 23. Nd1 g5 24. Nc3 Nf6 25. Re1 Rfe8 26. Rbd1 Rad8 27. b3 Kg7 28.
Bd3 e4 29. fxe4 fxe4 30. Bc2 Re5 31. Re2 Rde8 32. h3 R8e7 33. Rde1 h4 34. Nd1 Nf5 35. Ne3 Nd4 36. Rf2 Ne8 37. Ref1 Nd6 38. Ng4 Nxc2 39. Nxe5 Rxe5 40. Rxc2 e3 41. Re2 Nf5 42. Rf3 Nd4 43. Rexe3 Nxf3+ 44. Rxf3 Re1+ 45. Kf2 Rd1 46. Ke3 Kg6 47.
Ke2 Rd4 48. Re3 Kf5 49. Re8 g4 50. Rf8+ Ke5 51. hxg4 Rxg4 52. Kf2 Rg3 53. Rf3 Rg4 54. Rh3 Kd6 55. g3 hxg3+ 56. Rxg3 Rd4 57. Rg6+ Kc7 58. Rc6+ Kb7 59. Re6 Rd3 60. Re3 Rd2+ 61. Ke1 Rd4 62. Ke2 Kc7 63. Rd3 Re4+ 64. Kd2 Rg4 65. d6+ Kd7 66. Kc3 Rg6 67. Kc2 Rxd6 68. Rxd6+ Kxd6 69. Kd3 Ke5 70. Ke3 Kf5 71. Kf3 Ke5 72. Ke3 Kf5 73. Kf3 Ke5 74. Ke3 1/2-1/2

[Event "*** Titled Tuesday Blitz"]
[Site "Chess.com"]
[Date "2020.10.27"]
[Round "5"]
[White "Caterpiller35"]
[Black "DenLaz"]
[Result "0-1"]
[WhiteElo "2465"]
[BlackElo "2765"]
[TimeControl "180+1"]
[EndTime "10:58:00 PDT"]
[Termination "DenLaz won by resignation"]

1. d4 Nf6 2. Bg5 d5 3. e3 c5 4.
c3 Ne4 5. Bf4 Nc6 6. Nd2 Nxd2 7.
Qxd2 e6 8. Nf3 Bd6 9. Bxd6 Qxd6 10. Bb5 O-O 11. Bxc6 bxc6 12. O-O a5 13. c4 Ba6 14. Rfc1 cxd4 15. exd4 a4 16. cxd5 cxd5 17. Ne5 f6 18.
Rc6 Qe7 19. Nf3 Bb5 20. Rc5 Bc4 21. Qb4 Rab8 22. Qa3 e5 23. Re1 e4 24. Nd2 Bd3 25. Qxa4 Rxb2 26. Nf1 Qd6 27. Qc6 Qxc6 28. Rxc6 Rxa2 29.
Ne3 Rd8 30. Rc5 Ra4 31. Nxd5 Rxd4 32. Nf4 Kf7 33. h4 R8d7 34. g4 g6 35. Kh2 Bc4 36. Kg3 Bb3 37. Rb1 Bd1 38. Rb6 R4d6 39. Rxd6 Rxd6 40.
Rc7+ Kg8 41. g5 Bf3 42. gxf6 Rxf6 43. Nd5 Re6 44. Kf4 h6 45. Ne3 Rf6+ 46. Ke5 Ra6 47.
Nd5 Kf8 48. Nf6 g5 49. hxg5 hxg5 50. Nh7+ Ke8 51. Nxg5 Kd8 52. Rg7 Bh1 53. Kf4 Ra2 54. Ke3 Ra3+ 55. Kf4 Ra4 56. Ke3 Ke8 57. Rh7 Bg2 58. Rh4 Ra3+ 59. Kf4 Ke7 60. Nxe4 Bxe4 61. Ke5 Bg6 62. f4 Ra5+ 63. Kd4 Kf6 64. Rh6 Kf5 65.
Rh2 Kxf4 66. Rb2 Be4 67. Kc3 Ke3 68. Rb8 Rc5+ 69. Kb4 Rc1 70. Ka3 Kd4 71. Rd8+ Bd5 72. Rb8 Rc2 73. Ka4 Ra2+ 74. Kb5 Rb2+ 0-1

[Event "*** Titled Tuesday Blitz"]
[Site "Chess.com"]
[Date "2020.10.27"]
[Round "5"]
[White "obliviate12"]
[Black "Semen_Khanin"]
[Result "0-1"]
[WhiteElo "2723"]
[BlackElo "2763"]
[TimeControl "180+1"]
[EndTime "10:58:11 PDT"]
[Termination "Semen_Khanin won by resignation"]

1. e4 c5 2. Nf3 e6 3. d4 cxd4 4. Nxd4 Nc6 5. Nc3 Qc7 6. g3 a6 7. Bg2 Nf6 8. O-O Bc5 9. Nxc6 dxc6 10. Na4 Ba7 11. c4 e5 12. c5 Be6 13. Qc2 Rd8 14. b4 O-O 15. h3 Qe7 16. Bb2 Nd7 17. a3 Bb8 18. Rad1 Bc7 19. Bc3 Rfe8 20. Nb2 Nf8 21.
Qe2 Rxd1 22. Rxd1 Rd8 23. Rxd8 Qxd8 24. Bf1 f6 25. Qc2 Qd7 26. Kh2 Bf7 27. Bc4 Ne6 28. Qd3 Qxd3 29. Nxd3 Kf8 30. Kg2 Ke7 31. f3 h5 32. h4 Be8 33. Kf2 Nd4 34. f4 Bg6 35. Bxd4 exd4 36. Kf3 f5 37. e5 Bf7 38. Bxf7 Kxf7 39.
Nc1 Ke6 40. Ke2 Kd5 41. Kd3 b6 42. Nb3 bxc5 43. bxc5 g6 44. Nxd4 Bd8 45. Nb3 Bc7 46.
a4 Bd8 47. Nd4 Ba5 48. Nf3 Kxc5 49. Nd4 Kd5 50. Nc2 Bb6 51. Nb4+ Ke6 52. Ke2 c5 53. Nxa6 c4 54. Nb4 Bc5 55. Na2 Kd5 56. Nc3+ Kc6 57. a5 Bb4 58. Na4 Bxa5 59. Nb2 Kd5 60. Nd1 Bb4 61. Ne3+ Kc5 62. Nc2 Bc3 63. Ne3 Bb2 64. Nc2 Bc3 65. Ke3 Ba5 66. Kf3 Kd5 67. Ne3+ Kd4 68. Ke2 c3 69. Nc2+ Kc4 70. Na3+ Kb3 71.
Nb5 c2 72. Nd4+ Kb2 73. Nxc2 Kxc2 74. e6 Bb4 75. Ke3 Kc3 0-1

[Event "*** Titled Tuesday Blitz"]
[Site "Chess.com"]
[Date "2020.10.27"]
[Round "5"]
[White "Natalya_Buksa"]
[Black "pavelalexandru07"]
[Result "0-1"]
[WhiteElo "2537"]
[BlackElo "2357"]
[TimeControl "180+1"]
[EndTime "10:58:29 PDT"]
[Termination "pavelalexandru07 won by checkmate"]

1. d4 Nf6 2. Nc3 d5 3. Bf4 e6 4. Nb5 Na6 5. e3 c6 6. Nc3 Bd6 7. Bxa6 bxa6 8. Bxd6 Qxd6 9. Nf3 O-O 10. O-O Nd7 11.
Na4 e5 12. dxe5 Nxe5 13. Nxe5 Qxe5 14. b3 Bf5 15. c3 Rac8 16. Qd4 Qc7 17. Nc5 Qb6 18.
b4 Rfe8 19. Rfe1 Rcd8 20. h3 Bg6 21. Qf4 f6 22. Qd4 Bf7 23. a4 Kh8 24. a5 Qb5 25. Qd3 Bg6 26. Qe2 Re5 27. Nxa6 Qxe2 28. Rxe2 Bd3 29. Rd2 Bxa6 30. g3 Bc4 31. Kg2 a6 32. g4 Kg8 33. Kg3 Kf7 34. Re1 Re4 35. f3 Ree8 36. Rd4 g6 37. Kf2 Bb5 38. Red1 f5 39.
gxf5 gxf5 40. Rh4 Kg6 41. Rg1+ Kf6 42. Rh6+ Ke5 43. Rxh7 f4 44. Rgg7 fxe3+ 45. Kxe3 Kf5+ 46. Kd4 Kf4 47. Rf7+ Kg3 48. h4 Kf2 49. h5 Re3 50. h6 Rd3+ 51. Ke5 Re8+ 52. Kd6 Rxc3 53. Rhg7 Rxf3 54. Rxf3+ Kxf3 55. h7 Rh8 56. Kc5 Kf4 57. Kd4 Kf5 58. Kc5 Kf6 59. Rg8 Rxh7 60. Rf8+ Ke7 61. Rf4 Rh3 62. Rd4 Rc3+ 63. Kb6 Rc4 64.
Rd1 Rxb4 65. Kc5 Rc4+ 66. Kb6 Ra4 67. Re1+ Kd6 68. Rh1 d4 69. Rh6+ Kd5 70. Rh4 d3 71. Rh8 Kc4 72. Rd8 Kc3 73. Kc5 Rc4+ 74. Kb6 Rd4 75. Rh8 d2 76. Rh3+ Rd3 77. Rh1 Kc2 78.
Ra1 d1=Q 79. Ra2+ Kb3 80. Rh2 Qg1+ 81. Kb7 Rd7+ 82. Kc8 Qxh2 83. Kxd7 c5+ 84. Ke6 Bd7+ 85. Kd5 c4 86. Kd4 Qf4+ 87. Kc5 Qe5+ 88. Kb6 Qd6+ 89.
Kb7 Bc6+ 90. Kb6 Qb8+ 91. Kc5 c3 92. Kd4 Qd6+ 93. Ke3 Bf3 94. Kf2 Ba8 95. Ke3 Kc4 96. Ke2 Kb5 97. Ke3 Kc6 98. Ke2 Qd2+ 99. Kf3 c2 100.
Kg4 Kb7 101. Kf5 c1=Q 102. Ke5 Qce1+ 103. Kf5 Qdf2+ 104. Kg5 Qeg1+ 105. Kh5 Qfh2# 0-1

[Event "*** Titled Tuesday Blitz"]
[Site "Chess.com"]
[Date "2020.10.27"]
[Round "5"]
[White "dpopadic"]
[Black "silverback96"]
[Result "1/2-1/2"]
[WhiteElo "2378"]
[BlackElo "2224"]
[TimeControl "180+1"]
[EndTime "10:58:39 PDT"]
[Termination "Game drawn by stalemate"]

1. e4 e6 2. Nf3 d5 3. e5 c5 4. b4 d4 5. a3 cxb4 6. axb4 Bxb4 7. Bd3 Nc6 8. O-O Nge7 9. Re1 Ng6 10. Ba3 Bxa3 11. Nxa3 O-O 12. Nc4 b6 13. Be4 Qc7 14. d3 Bb7 15. Nd6 Rab8 16. Nxb7 Rxb7 17. Bxc6 Qxc6 18. Nxd4 Qc3 19. Nf3 Rc8 20. Re2 Rc5 21. g3 Nxe5 22. Nxe5 Rxe5 23. Rxe5 Qxe5 24. Ra4 a5 25.
Qf3 Qc7 26. c4 h6 27. h4 Qd7 28. Ra3 a4 29. Qd1 Ra7 30. Qb1 Qc6 31. Qb4 Ra5 32. Ra1 h5 33. Ra3 Kh7 34. Ra1 Kh8 35. Ra3 Kh7 36.
Qe7 Kg6 37. Qb4 Qc5 38. Qb2 Kh7 39. Qc2 Qc6 40. Qb2 g5 41. hxg5 Rxg5 42. Qd2 Qc5 43. d4 Qf5 44. Rxa4 h4 45. Ra3 h3 46. Qd3 Kh6 47. Qxf5 Rxf5 48. Rb3 h2+ 49. Kxh2 Rxf2+ 50. Kh3 Rd2 51. d5 exd5 52. Rxb6+ Kg7 53. c5 Rc2 54. c6 d4 55. Rb4 d3 56. Rd4 d2 57. Rd6 f6 58. Kg4 Kg6 59. Kf3 Rxc6 60. Rxd2 Rc3+ 61. Kg4 Rc4+ 62. Kh3 Kg5 63. Rd5+ f5 64. Ra5 Rc3 65.
Rb5 Kf6 66. Rb6+ Ke5 67. Kh4 Rc4+ 68. Kh3 Ke4 69. Re6+ Kf3 70. Re5 f4 71. Rf5 Rc8 72.
Rxf4+ Ke3 73. Rf1 Rh8+ 74. Kg2 Ke4 75. g4 Ke5 76. Kg3 Ke6 77. g5 Ke7 78. Kg4 Rf8 79.
Re1+ Kf7 80. Rf1+ Kg7 81. Rxf8 Kxf8 82. Kh5 Kg7 83. g6 Kg8 84. Kg5 Kg7 85. Kf5 Kg8 86. Kf6 Kf8 87. g7+ Kg8 88. Kg6 1/2-1/2

[Event "*** Titled Tuesday Blitz"]
[Site "Chess.com"]
[Date "2020.10.27"]
[Round "5"]
[White "MF1966Idrisov"]
[Black "davidkalashian"]
[Result "0-1"]
[WhiteElo "2328"]
[BlackElo "2567"]
[TimeControl "180+1"]
[EndTime "10:58:48 PDT"]
[Termination "davidkalashian won on time"]

1. Nf3 Nf6 2. c4 e6 3. d4 b6 4. Nc3 Bb4 5. Bd2 Bb7 6. g3 O-O 7. Bg2 c5 8. O-O cxd4 9. Nxd4 Bxg2 10. Kxg2 Nc6 11. e3 Nxd4 12. exd4 Qc7 13. Qb3 Bxc3 14. Bxc3 Rac8 15. Bb4 Rfd8 16. Rac1 Qb7+ 17. Kg1 d5 18.
c5 bxc5 19. Bxc5 Qxb3 20. axb3 a6 21. Ra1 Rc6 22. Ra3 Ne4 23. b4 Rb8 24. Rfa1 h5 25. Rxa6 Rxa6 26. Rxa6 g5 27. Ra2 g4 28. Kf1 Kg7 29.
Ke2 Kg6 30. f3 gxf3+ 31. Kxf3 Kf5 32. Ra3 f6 33. Rd3 Rb7 34. h4 Rb8 35. Ra3 e5 36. Ra6 Nxc5 37. dxc5 Rxb4 38. Rd6 Rb3+ 39. Ke2 Rxb2+ 40.
Kd3 d4 41. c6 Rb3+ 42. Kc4 Rxg3 43. Rd5 Rc3+ 44. Kb5 Ke6 45. Rc5 Rxc5+ 46. Kxc5 d3 47. Kb6 d2 48. c7 d1=Q 49. c8=Q+ Qd7 50. Qg8+ Kf5 51. Qg3 Qd4+ 52. Kc6 Qf4 53. Qh3+ Kg6 54. Kd6 Qg4 55. Qh1 Qd4+ 56. Ke7 Qg4 57. Qb1+ e4 58.
Qc2 Qf5 59. Qg2+ Kh6 60. Kf8 Qc8+ 61. Kf7 Qd7+ 62. Kxf6 Qd6+ 63. Kf7 Qd7+ 64. Kf6 Qd6+ 65. Kf7 Qf4+ 66. Ke7 e3 67. Qc6+ Kh7 68. Qc2+ Kg7 69.
Qb2+ Kg6 70. Qc2+ Qf5 71. Qc6+ Kh7 72. Qc7 Qe4+ 73. Kf8+ Kg6 74. Qg7+ Kf5 75. Qg5+ Ke6 76. Qh6+ Kd5 77. Qxh5+ Kd4 78. Qd1+ Ke5 79. Qe2 Kf4 80. h5 Qf5+ 81. Kg7 Qg5+ 82. Kh7 Qe7+ 83. Kg6 Qe6+ 84. Kg7 Kg5 85. Qg2+ Kxh5 86. Qh2+ Kg4 87. Qg2+ Kf4 88. Qh2+ Ke4 89. Qc2+ Kf3 90. Qd3 Kf2 91. Qd4 Qf5 92.
Kh6 Qf3 93. Kg5 Kg2 0-1